 Dungeon Crawl Stone Soup version 0.19-a0-1162-g527d089 (webtiles) character file.

426 KrozogBurug the Ogre Mage (level 6, 0/53 HPs)
             Began as an Ogre Wizard on Aug 14, 2016.
             Succumbed to a worker ant's poison
             ... on level 4 of the Dungeon.
             The game lasted 00:17:47 (4869 turns).

KrozogBurug the Ogre Mage (Ogre Wizard)             Turns: 4869, Time: 00:17:48

Health: 0/53       AC:  3    Str: 10 (13) XL:     6   Next: 97%
Magic:  5/12       EV:  9    Int: 17 (19) God:
Gold:   202        SH:  0    Dex:  4 (8)  Spells: 5 memorised, 3 levels left

rFire  . . .     SeeInvis .     w - +0 mace
rCold  . . .     Gourm    .     a - +0 robe
rNeg   . . .     Faith    .     (no shield)
rPois  .         Spirit   .     b - +0 hat
rElec  .         Dismiss  .     (no cloak)
rCorr  .         Reflect  .     (gloves unavailable)
MR     .....     Harm     .     (boots unavailable)
Stlth  +.........               (no amulet)
                                (no ring)
                                (no ring)

@: lethally poisoned (0 -> -10), exhausted, slowed, very slow
A: unfitting armour, deterioration 1, sense surroundings 1, tough skin 1,
subdued magic 1
a: no special abilities


You were on level 4 of the Dungeon.
You were hungry.

You visited 1 branch of the dungeon, and saw 4 of its levels.

You collected 202 gold pieces.

Inventory:

Hand Weapons
 w - a +0 mace (weapon)
Armour
 a - a +0 robe (worn)
 b - a +0 hat (worn)
Wands
 s - a wand of random effects (10/48)
 t - a wand of flame (19/48)
 y - a wand of enslavement (16/24)
Scrolls
 g - 2 scrolls of remove curse
 h - 3 scrolls of enchant armour
 k - a scroll of teleportation {unknown}
 p - 2 scrolls of magic mapping
 q - 2 scrolls of amnesia
Potions
 j - 2 potions of flight
 o - a potion of agility
Books
 c - a book of Minor Magic

   Spells                             Type                      Level
   a - Magic Dart                     Conjuration                  1
   b - Blink                          Translocation                2
   c - Call Imp                       Summoning                    2
   d - Repel Missiles                 Charms/Air                   2
   e - Slow                           Hexes                        2
   f - Conjure Flame                  Conjuration/Fire             3
   g - Mephitic Cloud                 Conjuration/Poison/Air       3
 m - a book of the Dragon

   Spells                             Type                      Level
   a - Flame Tongue                   Conjuration/Fire             1
   b - Cause Fear                     Hexes                        4
   c - Bolt of Fire                   Conjuration/Fire             6
   d - Dragon Form                    Transmutation                7
   e - Dragon's Call                  Summoning                    9
Comestibles
 d - 4 bread rations
 f - a slice of pizza
 l - 3 meat rations
 r - a beef jerky


   Skills:
 + Level 4.4 Maces & Flails
 - Level 1.7 Dodging
 - Level 1.5 Stealth
 + Level 4.5 Spellcasting
 - Level 4.0 Conjurations
   Level 0.6 Summonings
 - Level 0.6 Translocations


You had 3 spell levels left.
You knew the following spells:

 Your Spells              Type           Power        Failure   Level  Hunger
a - Magic Dart            Conj           ##..         1%          1    None
b - Blink                 Tloc           N/A          17%         2    ##.....
c - Conjure Flame         Conj/Fire      #.......     17%         3    ###....
d - Mephitic Cloud        Conj/Pois/Air  #.......     26%         3    ###....
e - Repel Missiles        Chrm/Air       #.....       21%         2    ##.....


Dungeon Overview and Level Annotations

Branches:
Dungeon (4/15)
 Temple: D:4-7

Altars:


Innate Abilities, Weirdness & Mutations

You are too large for most types of armour.
You have tough skin. (AC +1)
Your body sometimes deteriorates upon taking damage.
You passively map a small area around you.
Your spells are a little easier to cast, but a little less powerful.


Message History

You see here a worker ant corpse.
You feel a strong urge to attack something.
* * * LOW HITPOINT WARNING * * *
You feel sick.
* * * LOW HITPOINT WARNING * * *
You feel sick.
You feel your anger subside.
You are no longer berserk.
You are exhausted.
You feel yourself slow down.
You are feeling hungry.
* * * LOW HITPOINT WARNING * * *
You feel sick.
* * * LOW HITPOINT WARNING * * *
You feel sick.
Okay, then.
* * * LOW HITPOINT WARNING * * *
You feel sick.
* * * LOW HITPOINT WARNING * * *
You feel sick.
You die...

, ,
.....†..................
#.#....#...o............
, ,
.......#######...#######
, ....... ####o..#
...##.. ##.##...# #.
...*##.#†#...# ### #
....##.###....# #..
,.a.##.## ##...#####.# ,
** #@### ##........#
#...####..#####..# , ,
#...#.#.....##.... *
###............#.... ,
#.......#.#.#..#..##
#.##.##.....#.......
#†##[##.#.#.........
#.##.##.#.#.#.##....
#)##.##.#.....###...


There were no monsters in sight!

Vanquished Creatures
  A howler monkey (D:4)
  A hound (D:4)
  An orc priest (D:3)
  Natasha (twice) (D:4)
  Ijyb (D:3)
  3 worker ants (D:4)
  3 gnolls (D:3)
  9 adders
  A worm (D:3)
  3 giant geckos
  3 orcs
  4 ball pythons (D:2)
  4 giant cockroaches
  3 hobgoblins (D:2)
  4 jackals
  6 kobolds
  A quokka (D:4)
  8 bats
  4 giant newts
  8 goblins
  A jackal skeleton (D:4)
  A rat (D:1)
72 creatures vanquished.

Notes
Turn   | Place    | Note
-------+----------+-------------------------------------------
     0 | D:1      | KrozogBurug the Ogre Wizard began the quest for the Orb.
     0 | D:1      | Reached XP level 1. HP: 16/16 MP: 5/5
    50 | D:1      | Reached skill level 1 in Conjurations
   292 | D:1      | Reached XP level 2. HP: 24/24 MP: 3/6
   296 | D:1      | Learned a level 2 spell: Blink
  1263 | D:2      | Reached XP level 3. HP: 31/31 MP: 6/8
  1312 | D:2      | Learned a level 3 spell: Conjure Flame
  1320 | D:2      | Learned a level 3 spell: Mephitic Cloud
  1489 | D:2      | Found a faded altar of an unknown god.
  2039 | D:2      | Reached XP level 4. HP: 31/39 MP: 0/9
  2622 | D:3      | Noticed Ijyb
  2639 | D:3      | Killed Ijyb
  2639 | D:3      | Reached skill level 1 in Maces & Flails
  3005 | D:3      | Reached XP level 5. HP: 29/45 MP: 4/10
  3594 | D:4      | Reached XP level 6. HP: 35/53 MP: 1/11
  3610 | D:4      | Noticed Natasha
  3763 | D:3      | Learned a level 2 spell: Repel Missiles
  4063 | D:4      | Gained mutation: You passively map a small area around you. [potion of mutation]
  4063 | D:4      | Gained mutation: Your body sometimes deteriorates upon taking damage. [potion of mutation]
  4063 | D:4      | Gained mutation: Your spells are a little easier to cast, but a little less powerful. [potion of mutation]
  4072 | D:4      | Killed Natasha
  4185 | D:4      | Noticed Natasha
  4192 | D:4      | Killed Natasha
  4867 | D:4      | HP: 2/53 [poisoned by a worker ant]
  4869 | D:4      | Succumbed to a worker ant's poison

Vault maps used:
D:1:      saegor_arrival_simple_a, minmay_misc_feat_five
D:2:      ecumenical_altar_1, minmay_shallow_snake_nest
D:3:      first_bread, uniq_iyjb
D:4:      uniq_natasha

Skill      XL: |  1  2  3  4  5  6 |
---------------+-------------------+-----
Conjurations   | 1 2 3 4 |  4.0
Maces & Flails | 1 3 4 |  4.4
Spellcasting   | 4 |  4.5
Dodging        | |  1.7
Stealth        | |  1.5
Summonings     | |  0.6
Translocations | |  0.6

Action                   |  1- 3 |  4- 6 || total
-------------------------+-------+-------++-------
Melee: Unarmed           |    21 |     3 ||    24
       Mace              |       |    68 ||    68
 Cast: Magic Dart        |    85 |   148 ||   233
       Conjure Flame     |       |     1 ||     1
Evoke: Wand              |       |     2 ||     2
  Use: Scroll            |       |     8 ||     8
       Potion            |       |     4 ||     4
 Stab: Sleeping          |     1 |       ||     1
  Eat: Chunk             |     3 |     9 ||    12
Armor: Robe              |    17 |    40 ||    57
       Skin              |       |     8 ||     8
Dodge: Dodged            |    19 |    92 ||   111
